 Dungeon Crawl Stone Soup version 0.27.1-34-g3ba077fa99 (console) character file.

Game seed: 13679514520709884761

437 Vaevictus the Stinger (level 7, -1/57 HPs)
             Began as a Naga Venom Mage on Jan 13, 2022.
             Slain by pkoi's ghost (5 damage)
             ... on level 4 of the Dungeon.
             The game lasted 00:25:46 (4736 turns).

Vaevictus the Stinger (Naga Venom Mage)             Turns: 4736, Time: 00:25:47

Health: -1/57      AC:  5    Str: 10    XL:     7   Next: 1%
Magic:  12/12      EV:  7    Int: 18    God:
Gold:   43         SH:  6    Dex: 11    Spells: 12/13 levels left

rFire    + . .     SeeInvis +   b - +4 dagger (venom)
rCold    . . .     Faith    .   g - +0 kite shield
rNeg     . . .     Spirit   .   f - +2 robe {rF+}
rPois    +         Reflect  .   (no helmet)
rElec    .         Harm     .   (no cloak)
rCorr    +         Rampage  .   (no gloves)
Will     .....                  (no barding)
Stlth    +++.......             (no amulet)
HPRegen  0.19/turn              d - ring of resist corrosion
MPRegen  0.13/turn              (no ring)

@: very slow
A: AC +2, large, see invisible, deformed body, poison resistance, slowness 2,
spit poison 1, naga tail 1
a: Spit Poison


You were on level 4 of the Dungeon.
You visited 1 branch of the dungeon, and saw 4 of its levels.

You collected 113 gold pieces.
You spent 70 gold pieces at shops.

Inventory:

Hand Weapons
 b - a +4 dagger of venom (weapon)
Missiles
 e - 22 bolts
 k - 128 stones
Armour
 a - a +0 robe
 c - a +0 robe
 f - a +2 robe of fire resistance (worn)
 g - a +0 kite shield (worn)
 h - a +2 ring mail of fire resistance
Jewellery
 d - a ring of resist corrosion (left hand)
 i - a ring of fire


   Skills:
 - Level 1.0 Fighting
 - Level 2.0 Short Blades
 + Level 2.6 Dodging
 + Level 4.8 Stealth
 * Level 3.6 Spellcasting
 - Level 2.0 Transmutations
 * Level 6.2 Poison Magic


You had 12 spell levels left.
You knew the following spells:

 Your Spells              Type           Power      Damage    Failure   Level
a - Sting                 Tmut/Pois      72%        1d6       21%         1

Your spell library contained the following spells:

 Spells                   Type           Power      Damage    Failure   Level
 Poisonous Vapours        Pois/Air       28%        N/A       41%         2
 Olgreb's Toxic Radiance  Pois           25%        N/A       63%         4
 Mephitic Cloud           Conj/Pois/Air  10%        N/A       80%         3
 Dazzling Flash           Conj/Hex       6%         N/A       97%         3
 Gell's Gravitas          Tloc           1%         N/A       97%         3
 Lesser Beckoning         Tloc           1%         N/A       97%         3
 Teleport Other           Tloc           3%         N/A       97%         3
 Iskenderun's Mystic Bla  Conj/Tloc      3%         2d3       100%        4
 Starburst                Conj/Fire      1%         6d3       100%        6


Dungeon Overview and Level Annotations

Branches:
Dungeon (4/15)
 Temple: D:4-7

Altars:
Yredelemnul
Beogh

Shops:
D:2 !

Annotations:
D:4 pkoi's ghost, amateur DrMo


Innate Abilities, Weirdness & Mutations

Your serpentine skin is tough. (AC +2)
You have supernaturally acute eyesight. (SInv)
Armour fits poorly on your strangely shaped body.
Your system is resistant to poisons. (rPois)
You cover ground very slowly.
You can spit poison.
You have a snake-like lower body.


Message History

Pkoi's ghost hits you but does no damage.
The orc hits you but does no damage.
Your shield prevents you from hitting pkoi's ghost.
Pkoi's ghost is moderately damaged.
Pkoi's ghost barely misses you.
The orc priest mumbles some strange prayers to Beogh against you.
Beogh smites you!
* * * LOW HITPOINT WARNING * * *
The orc misses you. Pkoi's ghost closely misses you.
You feel much better. You block the orc's attack.
Pkoi's ghost hits you but does no damage.
You hit pkoi's ghost but do no damage.
Pkoi's ghost is moderately damaged.
The orc hits you from afar with a +0 trident.
Pkoi's ghost hits you.
You hit pkoi's ghost.
Pkoi's ghost is moderately damaged.
The orc barely misses you.
Pkoi's ghost hits you but does no damage.
You barely miss pkoi's ghost.
Pkoi's ghost is moderately damaged.
The orc suddenly yells.
The orc closely misses you. Pkoi's ghost barely misses you.
You barely miss pkoi's ghost.
Pkoi's ghost is moderately damaged.
The orc hits you from afar with a +0 trident.
Pkoi's ghost hits you.
The orc hits you from afar with a +0 trident.
You closely miss pkoi's ghost.
Pkoi's ghost is moderately damaged.
Pkoi's ghost hits you!
* * * LOW HITPOINT WARNING * * *
You block the orc's attack. Pkoi's ghost hits you.
* * * LOW HITPOINT WARNING * * *
You closely miss pkoi's ghost.
Pkoi's ghost is moderately damaged.
The orc hits you from afar with a +0 trident!
* * * LOW HITPOINT WARNING * * *
Pkoi's ghost hits you.
You die...

#...#!#...)#.##
##..
#.#..'.#...[###
##...
#.#..'.#.8._
#....
..##o'o#...[
##†... #.
#o#o#....
#.....
#o#..##.[
#.....
#o#..#8..
##....
#W#..##.. ##...
#@#.....8 ##..
##8####### ##.
##...## ##
###.....# #
##.......#
#........#
##........##
#......<...#
##.).......#


You could see an orc priest, pkoi's ghost and 5 orcs.

Vanquished Creatures
  Sigmund (D:3)
  A scorpion (D:4)
  A bullfrog zombie (D:3)
  Terence (D:3)
  3 gnolls (D:3)
  5 adders
  A howler monkey skeleton (D:4)
  A worm (D:2)
  2 dart slugs (D:1)
  3 orcs (D:4)
  4 endoplasms
  A giant cockroach (D:2)
  9 goblins
  6 hobgoblins
  2 jackals (D:1)
  4 quokkas
  6 ball pythons
  2 bats
  2 frilled lizards
  5 kobolds
  6 rats
66 creatures vanquished.

Vanquished Creatures (others)
  3 plants (D:2)
3 creatures vanquished.

Grand Total: 69 creatures vanquished

Notes
Turn   | Place    | Note
-------+----------+-------------------------------------------
     0 | D:1      | Vaevictus the Naga Venom Mage began the quest for the Orb.
     0 | D:1      | Reached XP level 1. HP: 15/15 MP: 3/3
   204 | D:1      | Reached XP level 2. HP: 15/22 MP: 5/5
  1002 | D:1      | Reached XP level 3. HP: 15/28 MP: 3/6
  1876 | D:2      | Found a faded altar of an unknown god.
  2047 | D:2      | Found Cibuxtin's Distillery.
  2058 | D:2      | Bought a potion of heal wounds for 70 gold pieces
  2384 | D:2      | Reached skill level 1 in Short Blades
  2384 | D:2      | Reached XP level 4. HP: 37/37 MP: 7/7
  2841 | D:3      | Found a basalt altar of Yredelemnul.
  2960 | D:3      | Noticed Terence
  2967 | D:3      | Killed Terence
  2968 | D:3      | Reached skill level 5 in Poison Magic
  3256 | D:3      | Reached skill level 1 in Fighting
  3256 | D:3      | Reached XP level 5. HP: 30/44 MP: 7/9
  4094 | D:3      | Noticed Sigmund
  4142 | D:3      | Killed Sigmund
  4143 | D:3      | Reached XP level 6. HP: 27/51 MP: 4/11
  4434 | D:4      | Found a runed translucent gate.
  4460 | D:4      | Reached skill level 6 in Poison Magic
  4529 | D:4      | Found a runed translucent gate.
  4529 | D:4      | Identified the +1 scale mail "Xaymanod" {Harm rC+ Will+
                  | Str+4}
  4530 | D:4      | Found a runed translucent gate.
  4534 | D:4      | Noticed pkoi's ghost (amateur DrMo)
  4714 | D:4      | Reached XP level 7. HP: 53/57 MP: 10/12
  4736 | D:4      | Slain by pkoi's ghost

Illustrated notes

Levels and vault maps discovered:
D:1:      tarquinn_simple_flora_water_b, layout_loops_corners
D:2:      wad_lake_hut, layout_loops_ring, serial_shops, shop_fountains,
          dreamdust_ecumenical_altar_angels_and_demons, minmay_misc_feat_alley
D:3:      layout_loops_corners, yredelemnul_altar_generic, uniq_terence,
          uniq_sigmund
D:4:      layout_cave_pods, biasface_ghost_orc_armoury, uniq_edmund

Skill      XL: |  1  2  3  4  5  6 |
---------------+-------------------+-----
Short Blades   | 1 2 |  2.0
Dodging        | 2 |  2.6
Poison Magic   | 5 6 |  6.2
Fighting       | 1 |  1.0
Stealth        | 4 |  4.8
Spellcasting   | 3 |  3.6
Transmutations | 2 |  2.0

Action                   |  1- 3 |  4- 6 |  7- 9 || total
-------------------------+-------+-------+-------++-------
Melee: Dagger            |    72 |    83 |    21 ||   176
 Cast: Sting             |    23 |    11 |       ||    34
  Use: Scroll            |     6 |     1 |       ||     7
       Potion            |     1 |     1 |     1 ||     3
 Stab: Sleeping          |     2 |     2 |       ||     4
Armor: Scale mail        |    38 |     8 |       ||    46
       Robe              |     1 |     5 |     8 ||    14
       Ring mail         |       |    27 |       ||    27
Dodge: Dodged            |    29 |    33 |    14 ||    76
Block: Kite shield       |       |    20 |     8 ||    28
